 Dungeon Crawl Stone Soup version 0.20-a0-1026-gc3ddcbd (console) character file.

492 nht the Cleaver (level 7, -2/50 HPs)
             Began as a Hill Orc Fire Elementalist on Apr 20, 2017.
             Was a Follower of Ashenzari.
             Killed from afar by an orc wizard (4 damage)
             ... with a magic dart
             ... on level 4 of the Dungeon.
             The game lasted 00:09:05 (3847 turns).

nht the Cleaver (Hill Orc Fire Elementalist)        Turns: 3847, Time: 00:09:06

Health: -2/50      AC:  3    Str: 11    XL:     7   Next: 14%
Magic:  0/9        EV: 12    Int: 17    God:    Ashenzari [*.....]
Gold:   152        SH:  0    Dex: 11    Spells: 4/9 levels left

rFire    . . .     SeeInvis +   a - +2 war axe (flame)
rCold    . . .     Gourm    .   (no shield)
rNeg     . . .     Faith    .   g - +1 robe
rPois    .         Spirit   +   (no helmet)
rElec    .         Reflect  .   (no cloak)
rCorr    .         Harm     .   (no gloves)
MR       .....                  (no boots)
Stlth    ++........             d - amulet of guardian spirit
Regen    0.2/turn               k - ring of see invisible
MPRegen  0.2/turn               r - ring of wizardry

@: no status effects
A: no striking features
a: Curse Item, Scrying, Renounce Religion, Convert to Beogh


You were on level 4 of the Dungeon.
You worshipped Ashenzari.
Ashenzari was aware of your devotion.
You were not hungry.

You visited 1 branch of the dungeon, and saw 4 of its levels.

You collected 152 gold pieces.

Inventory:

Hand Weapons
 a - a +2 war axe of flaming (weapon)
Armour
 g - a +1 robe (worn)
 n - a cursed +0 scale mail
Jewellery
 d - an amulet of guardian spirit (around neck)
 k - a ring of see invisible (left hand)
 r - a ring of wizardry (right hand)
Wands
 q - a wand of confusion (11/48)
Scrolls
 e - 2 scrolls of teleportation
 o - 2 scrolls of recharging
 p - 2 scrolls of identify
Potions
 h - a potion of agility
Books
 b - a book of Flames

   Spells                             Type                      Level
   a - Flame Tongue                   Conjuration/Fire             1
   b - Throw Flame                    Conjuration/Fire             2
   c - Conjure Flame                  Conjuration/Fire             3
   d - Inner Flame                    Hexes/Fire                   3
   e - Sticky Flame                   Conjuration/Fire             4
   f - Fireball                       Conjuration/Fire             5
Comestibles
 c - 6 bread rations
 f - 5 meat rations
 i - 5 fruits
 l - 4 chunks of flesh


   Skills:
 + Level 8.7 Axes
 - Level 1.7 Dodging
 - Level 2.1 Stealth
 - Level 1.6 Spellcasting
 - Level 1.4 Conjurations
 - Level 3.5 Fire Magic


You had 4 spell levels left.
You knew the following spells:

 Your Spells              Type           Power        Failure   Level  Hunger
a - Flame Tongue          Conj/Fire      #....        2%          1    ##.....
b - Sticky Flame          Conj/Fire      #.......     26%         4    #####..


Dungeon Overview and Level Annotations

Branches:
Dungeon (4/15)             Temple (0/1) D:4

Altars:
Ashenzari
Hepliaklqana
Kikubaaqudgha
Qazlal
Ru
Trog
Uskayaw
Yredelemnul


Message History

Unknown command.
You are too injured to fight recklessly!
You feel better.
The orc wizard hits you but does no damage.
The orc priest hits you with a flail.
* * * LOW HITPOINT WARNING * * *
You barely miss the orc priest.
The orc priest is heavily wounded.
You hit the orc wizard. You burn the orc wizard.
The orc priest shouts, "Surrender to Beogh and we'll let you live!"
The orc wizard hits you but does no damage. x2
You closely miss the orc priest.
The orc priest is heavily wounded.
You closely miss the orc wizard.
The orc priest mumbles some strange prayers to Beogh against you.
Pain shoots through your body!
* * * LOW HITPOINT WARNING * * *
The orc wizard casts a spell at you. The magic dart hits you!
You die...

.....█
███████████████.....█
................._...
█..................).
..███%.......|..........
█.... █..†..████?...⌠...
█..███████....█........
███..███........@o......
.......█........o..._...
.................%....██
.............=.....████
......................
██.██..████<..█.████..
██)███......█...█ .[.
█).██████...██..███ ..
..................██.█


You could see an orc priest and an orc wizard.

Vanquished Creatures
  An orc warrior (D:4)
  2 orc priests (D:4)
  An orc wizard (D:4)
  5 worker ants (D:4)
  3 gnolls (D:4)
  4 adders
  4 oozes
  A worm (D:3)
  3 dart slugs
  2 leopard geckos (D:3)
  21 orcs
  2 ball pythons
  6 bats
  3 giant cockroaches (D:1)
  5 goblins
  5 hobgoblins
  5 jackals (D:1)
  A quokka (D:4)
  2 frilled lizards
  12 kobolds
  A leopard gecko skeleton (D:4)
  8 rats
97 creatures vanquished.

Notes
Turn   | Place    | Note
-------+----------+-------------------------------------------
     0 | D:1      | nht the Hill Orc Fire Elementalist began the quest for the Orb.
     0 | D:1      | Reached XP level 1. HP: 14/14 MP: 3/3
   246 | D:1      | Reached XP level 2. HP: 9/20 MP: 0/4
   750 | D:1      | Reached XP level 3. HP: 22/26 MP: 5/5
   761 | D:1      | Reached skill level 1 in Axes
   944 | D:1      | Reached skill level 2 in Axes
  1361 | D:2      | Found a basalt altar of Yredelemnul.
  1372 | D:2      | Found a stormy altar of Qazlal.
  1375 | D:2      | Found a shattered altar of Ashenzari.
  1378 | D:2      | Found a hazy altar of Hepliaklqana.
  1384 | D:2      | Became a worshipper of Ashenzari the Shackled
  1688 | D:2      | Reached skill level 3 in Axes
  1688 | D:2      | Reached XP level 4. HP: 30/33 MP: 4/6
  2064 | D:3      | Reached skill level 4 in Axes
  2438 | D:3      | Found a hide-covered altar of Uskayaw.
  2438 | D:3      | Found a bloodstained altar of Trog.
  2504 | D:3      | Reached XP level 5. HP: 34/38 MP: 1/7
  2641 | D:4      | Found a staircase to the Ecumenical Temple.
  2724 | D:4      | Reached skill level 5 in Axes
  2904 | D:4      | Noticed an orc warrior
  2907 | D:4      | Reached skill level 6 in Axes
  2948 | D:4      | HP: 1/38 [orc warrior/long sword (19)]
  2967 | D:4      | Killed an orc warrior
  2967 | D:4      | Reached skill level 7 in Axes
  2967 | D:4      | Reached XP level 6. HP: 16/45 MP: 0/8
  3569 | D:4      | Reached skill level 8 in Axes
  3578 | D:4      | Reached XP level 7. HP: 11/50 MP: 0/9
  3768 | D:4      | Found an ancient bone altar of Kikubaaqudgha.
  3777 | D:4      | Learned a level 4 spell: Sticky Flame
  3777 | D:4      | Found a sacrificial altar of Ru.
  3839 | D:4      | Reached * piety under Ashenzari
  3847 | D:4      | HP: 2/50 [orc priest/nerve-wracking pain (11)]
  3847 | D:4      | Killed from afar by an orc wizard

Vault maps used:
D:1:      lemuel_arrival_rhombus, minmay_tetromino_s2
D:2:      grunt_temple_overflow_cloverleaf
D:3:      gammafunk_temple_overflow_wave
D:4:      cheibrodos_pilgrimage, grunt_temple_overflow_open,
          minmay_temple_entry_statues_fountains

Skill      XL: |  1  2  3  4  5  6 |
---------------+-------------------+-----
Stealth        | 2 |  2.1
Axes           | 3 4 7 8 |  8.7
Dodging        | |  1.7
Spellcasting   | |  1.6
Conjurations   | |  1.4
Fire Magic     | |  3.5

Action                   |  1- 3 |  4- 6 |  7- 9 || total
-------------------------+-------+-------+-------++-------
Melee: Unarmed           |    10 |       |       ||    10
       Hand axe          |    45 |    89 |       ||   134
       War axe           |       |    33 |    10 ||    43
 Cast: Flame Tongue      |    64 |    73 |       ||   137
Evoke: Wand              |       |     7 |       ||     7
  Use: Scroll            |     5 |     2 |       ||     7
       Potion            |     2 |    12 |     1 ||    15
 Stab: Sleeping          |     1 |     1 |     1 ||     3
       Confused          |       |     5 |       ||     5
  Eat: Chunk             |     4 |     8 |     1 ||    13
Armor: Robe              |    20 |    12 |     3 ||    35
Dodge: Dodged            |    59 |    96 |     2 ||   157
